AoeStats
← NoHara

Oasis

508043402Analyzed
2v2 RM · 13d ago on Sep 20, 2026· 65m 51s· 4 players
Game mode
Random Map
Map size
Medium (4 player)
Population
200
Speed
Normal
Resources
Standard
Victory
Conquest
Starting age
Dark Age
Ending age
Imperial Age
RankedLock teamsTeams togetherTeam positionsShared explorationLock speedFull tech treeHidden civsTurbo modeCheats
Victory
Defeat
🇩🇪 Teutons · Germany
898
+17
🇩🇪 Vietnamese · Germany
898
+17
🇩🇪 Romans · Germany
941
-17
🇩🇪 Mongols · Germany
909
-17
mcarp
3:33 Loom
10:59 Feudal Age
15:39 Forging
17:34 Scale Barding Armor
18:08 Double-Bit Axe
19:14 Bloodlines
19:33 Horse Collar
23:32 Castle Age
22:36 Fletching
26:27 Bow Saw
28:08 Wheelbarrow
27:38 Heavy Plow
30:46 Hand Cart
37:22 Imperial Age
35:08 Town Watch
35:55 Elite Skirmisher
36:31 Gold Mining
37:33 Cavalier
46:20 Crenellations
48:15 Iron Casting
47:27 Elite Teutonic Knight
50:52 Conscription
51:11 Scale Mail Armor
51:25 Stone Mining
52:22 Chain Mail Armor
54:10 Stone Shaft Mining
54:19 Plate Mail Armor
54:49 Blast Furnace
55:30 Hoardings
57:59 Bodkin Arrow
58:36 Arson
58:51 Squires
60:24 Ironclad
61:29 Crenellations
62:42 Chemistry
62:03 Ballistics
Metabattle
11:45 Feudal Age
12:03 Loom
12:48 Double-Bit Axe
17:25 Horse Collar
18:12 Padded Archer Armor
20:05 Fletching
21:59 Gold Mining
24:52 Castle Age
24:22 Wheelbarrow
24:53 Crossbowman
25:50 Bow Saw
26:08 Gold Mining
26:57 Heavy Plow
28:25 Hand Cart
28:09 Town Watch
28:00 Elite Skirmisher
30:04 Thumb Ring
32:21 Stone Mining
37:10 Imperial Age
35:38 Bodkin Arrow
36:25 Leather Archer Armor
36:39 Town Patrol
37:47 Stone Shaft Mining
39:03 Ring Archer Armor
38:21 Arbalester
39:48 Bracer
39:10 Imperial Skirmisher
44:57 Chemistry
43:55 Pikeman
47:42 Two-Man Saw
47:14 Paper Money
46:36 Halberdier
47:22 Scale Mail Armor
47:32 Forging
56:24 Squires
60:13 Arson
61:06 Iron Casting
60:18 Light Cavalry
61:24 Chain Mail Armor
64:03 Ballistics
Whololo_95
10:25 Feudal Age
12:06 Wheelbarrow
11:51 Man-at-Arms
15:04 Horse Collar
16:28 Loom
18:51 Double-Bit Axe
21:20 Scale Mail Armor
22:07 Forging
26:44 Castle Age
25:01 Gold Mining
25:02 Stone Mining
26:50 Long Swordsman
27:31 Squires
26:51 Pikeman
27:00 Pikeman
27:44 Squires
28:05 Hand Cart
30:43 Iron Casting
45:12 Imperial Age
46:30 Heavy Plow
46:44 Bow Saw
47:26 Town Watch
48:21 Gold Shaft Mining
48:24 Conscription
55:23 Crop Rotation
54:26 Capped Ram
54:33 Halberdier
55:02 Legionary
57:11 Heavy Scorpion
57:13 Siege Ram
60:24 Blast Furnace
64:23 Chain Mail Armor
NoHara
9:32 Feudal Age
7:52 Loom
10:02 Horse Collar
10:09 Double-Bit Axe
16:18 Wheelbarrow
18:31 Fletching
18:41 Padded Archer Armor
19:52 Bloodlines
22:32 Castle Age
22:53 Stone Mining
24:05 Hand Cart
24:06 Heavy Plow
25:47 Bow Saw
26:02 Bodkin Arrow
26:24 Leather Archer Armor
27:10 Leather Archer Armor
27:52 Thumb Ring
31:56 Pikeman
35:15 Town Watch
35:39 Elite Skirmisher
37:57 Stone Shaft Mining
37:13 Gold Mining
37:41 Scale Barding Armor
37:46 Forging
39:28 Chain Barding Armor
40:21 Iron Casting
45:01 Imperial Age
44:12 Bloodlines
44:02 Husbandry
45:16 Elite Steppe Lancer
47:58 Blast Furnace
46:53 Onager
50:15 Ballistics
52:48 Chemistry
52:25 Squires
52:59 Drill
53:01 Conscription
52:56 Town Patrol
54:30 Siege Onager
Connection lost

Rejoining the realm…

Still unreachable

The connection could not be restored.

Session expired

The server has moved on; the page needs a fresh start.